 Seeded DCSS version 0.29.1-1-gd02db6906a (webtiles) character file.

Game seed: 1346135871691627820 (custom seed)

1689 GigaChad the Protected (level 8, 0/75 HPs)
             Began as a Minotaur Fighter on Oct 6, 2022.
             Was a Follower of Okawaru.
             Killed by divine providence
             ... invoked by an orc priest
              (14 damage)
             ... on level 7 of the Dungeon.
             The game lasted 00:11:45 (5645 turns).

GigaChad the Protected (Minotaur Fighter)           Turns: 5645, Time: 00:11:45

Health: 0/75       AC: 14    Str: 23    XL:     8   Next: 71%
Magic:  7/7        EV: 10    Int: 11    God:    Okawaru [*.....]
Gold:   223        SH: 12    Dex: 13    Spells: 7/7 levels left

rFire   . . .      SeeInvis .   A - +4 long sword (freeze)
rCold   + . .      Faith    +   B - +3 kite shield of Disappointment {rC+ Will+ Dex+3}
rNeg    . . .      Spirit   .   b - +1 scale mail
rPois   .          Reflect  .   (helmet restricted)
rElec   .          Harm     .   s - +2 cloak {Stlth+}
rCorr   .          Rampage  .   w - +0 pair of gloves
Will    +....                   (no boots)
Stlth   +.........              u - amulet of faith
HPRegen 0.22/turn               y - +6 ring of intelligence
MPRegen 0.10/turn               (no ring)

@: no status effects
A: horns 2, retaliatory headbutt
a: Renounce Religion, Heroism


You were on level 7 of the Dungeon.
You worshipped Okawaru.
Okawaru was aware of your devotion.
You visited 2 branches of the dungeon, and saw 8 of its levels.

You collected 454 gold pieces.
You spent 231 gold pieces at shops.

Inventory:

Hand Weapons
 a - a +0 long sword of freezing
 p - a +0 whip of pain
 A - a +4 long sword of freezing (weapon)
Missiles
 r - a throwing net (quivered)
Armour
 b - a +1 scale mail (worn)
 c - a +0 buckler
 s - a +2 cloak of stealth (worn)
 w - a +0 pair of gloves (worn)
 x - an orb of light
 B - the +3 kite shield of Disappointment (worn) {rC+ Will+ Dex+3}
   (You acquired it on level 7 of the Dungeon)

   Dex:       It affects your dexterity (+3).
   rC:        It protects you from cold.
   Will:      It increases your willpower.
Jewellery
 n - a ring of positive energy
 u - an amulet of faith (around neck)
 y - a +6 ring of intelligence (left hand)
Scrolls
 e - 6 scrolls of teleportation
 f - 4 scrolls of poison
 l - a scroll of identify
 m - a scroll of noise
Potions
 d - a potion of might
 h - 4 potions of brilliance {unknown}
 i - 4 potions of curing {unknown}
 j - a potion of berserk rage {unknown}
 k - 2 potions of degeneration {unknown}
 o - 2 potions of heal wounds {unknown}
 q - a potion of haste {unknown}
 t - 4 potions of mutation {unknown}
 v - a potion of magic {unknown}
 z - a potion of flight {unknown}


   Skills:
 - Level 8.5 Fighting
 - Level 2.4 Long Blades
 + Level 9.8 Armour
 + Level 5.2 Dodging
 - Level 3.9 Shields


You had 7 spell levels left.
You didn't know any spells.
Your spell library contained the following spells:

 Spells                   Type           Power      Damage    Failure   Level
 Portal Projectile        Hex/Tloc       0%         N/A       100%        3
 Leda's Liquefaction      Hex/Erth       0%         N/A       100%        4
 Call Canine Familiar     Summ           Unusable   N/A       N/A         3

Dungeon Overview and Level Annotations

Branches:
Dungeon (7/15)             Temple (1/1) D:6

Altars:
Cheibriados
Okawaru
Ru

Shops:
D:4 [

Portals:
Abyss: D:5

Annotations:
D:2 1 runed translucent door, Crazy Yiuf
D:4 4 transporters, hikkokomori's ghost, amateur GrEE
D:5 2 transporters, videwesjr's ghost, novice MiBe


Innate Abilities, Weirdness & Mutations

You have a pair of horns on your head.
You reflexively headbutt those who attack you in melee.


Message History

Found 15 gold pieces.
Found a dagger.
Found a stone staircase leading up.
You now have 223 gold pieces (gained 15).
An orc wizard comes into view. It is wielding a +2 dagger of flaming.
An orc wizard is nearby!
An orc wizard is nearby!
Found a scroll of teleportation.
An orc priest comes into view. It is wielding a +0 mace.
The orc wizard points at you and mumbles some strange words.
You resist with almost no effort. 2 orc priests come into view.
The orc priest shouts! x2
You hit the orc wizard but do no damage.
The orc priest calls down the wrath of Beogh upon you.
Beogh smites you!
The orc priest mumbles some strange prayers to Beogh against you.
Beogh smites you!
The orc wizard hits you but does no damage.
You slash the orc wizard! You freeze the orc wizard.
The orc wizard is heavily wounded.
The orc wizard casts a spell at you. The magic dart hits you!
The orc wizard hits you but does no damage.
The orc priest casts a cantrip, but nothing happens.
You completely miss the orc wizard. Your headbutt misses the orc wizard.
The orc wizard is heavily wounded.
The orc priest hits you with a +0 mace. You block the orc wizard's attack.
The orc priest mumbles some strange prayers to Beogh against you.
Beogh smites you!
You hit the orc wizard but do no damage.
The orc wizard is heavily wounded.
The orc priest barely misses you. The orc wizard closely misses you.
The orc priest calls down the wrath of Beogh upon you.
Beogh smites you!
* * * LOW HITPOINT WARNING * * *
The orc priest closely misses you.
The orc priest calls down the wrath of Beogh upon you.
Beogh smites you!
You die...

## ..######## ##
##........# .. ..
....?....# #.
#.##........# #.
#....oo.....# .##
##.o# ..# ##.o.# #.#
#...@######
#.######..##.##.).#
####<#..>##.# #.....<#
#...........###..#...#
#.##.......##....#####
.. #<......##.##.# #
#.......#..##>#
#.........###.#
####.......### #.#


You could see 3 orc priests and an orc wizard.

Vanquished Creatures
  Grinder (D:6)
  Edmund (D:6)
  2 water moccasins
  An ice beast (D:7)
  2 black bears
  A phantom (D:5)
  Blork the orc (D:4)
  4 scorpions
  4 wights (D:6)
  3 hounds (D:5)
  A gnoll bouda (D:4)
  2 iguanas
  An orc wizard (D:4)
  3 gnolls (D:4)
  5 adders
  A worm (D:2)
  A dart slug (D:2)
  5 orcs
  3 endoplasms
  4 giant cockroaches
  6 goblins
  10 hobgoblins
  6 jackals
  3 quokkas
  4 ball pythons
  A bat (D:1)
  2 frilled lizards
  8 kobolds
  4 rats
90 creatures vanquished.

Vanquished Creatures (others)
  6 plants (D:4)
6 creatures vanquished.

Grand Total: 96 creatures vanquished

Notes
Turn   | Place    | Note
-------+----------+-------------------------------------------
     0 | D:1      | GigaChad the Minotaur Fighter began the quest for the Orb.
     0 | D:1      | Reached XP level 1. HP: 19/19 MP: 0/0
   179 | D:1      | Reached XP level 2. HP: 20/27 MP: 1/1
   781 | D:1      | Reached XP level 3. HP: 34/34 MP: 2/2
  1085 | D:2      | Noticed a black bear
  1097 | D:2      | Killed a black bear
  1098 | D:2      | Reached XP level 4. HP: 26/45 MP: 3/3
  1585 | D:2      | Found a runed translucent door.
  1586 | D:2      | Noticed Crazy Yiuf
  1748 | D:3      | Reached XP level 5. HP: 51/51 MP: 4/4
  2399 | D:4      | Noticed Blork the orc
  2399 | D:4      | Found Uwyv's Armour Boutique.
  2423 | D:4      | Killed Blork the orc
  2781 | D:4      | Bought a +1 cloak of stealth for 231 gold pieces
  2809 | D:4      | Found a snail-covered altar of Cheibriados.
  2827 | D:4      | Found a sacrificial altar of Ru.
  2842 | D:4      | Reached XP level 6. HP: 61/61 MP: 5/5
  2917 | D:4      | Found a transporter.
  2940 | D:4      | Found a transporter.
  3151 | D:4      | Found a transporter.
  3183 | D:4      | Noticed hikkokomori's ghost (amateur GrEE)
  3207 | D:4      | Found a transporter.
  3454 | D:4      | Reached skill level 4 in Armour
  3454 | D:4      | Reached skill level 1 in Dodging
  3468 | D:5      | Entered Level 5 of the Dungeon
  3468 | D:5      | Found a transporter.
  3484 | D:5      | Found a one-way gate to the infinite horrors of the Abyss.
  3484 | D:5      | Noticed videwesjr's ghost (novice MiBe)
  3494 | D:5      | Found a transporter.
  3501 | D:5      | Noticed a small abomination
  3603 | D:5      | Reached XP level 7. HP: 67/69 MP: 6/6
  3619 | D:5      | Reached skill level 5 in Armour
  3897 | D:5      | Reached skill level 6 in Armour
  4008 | D:5      | Identified the +3 ring mail of Irksome Wonder {Fly rElec
                  | MP-9 SInv}
  4178 | D:6      | Noticed Edmund
  4194 | D:6      | Killed Edmund
  4195 | D:6      | Reached skill level 7 in Armour
  4195 | D:6      | Found a staircase to the Ecumenical Temple.
  4213 | Temple   | Entered the Ecumenical Temple
  4254 | Temple   | Became a worshipper of Warmaster Okawaru
  4368 | D:6      | Reached XP level 8. HP: 72/75 MP: 7/7
  4896 | D:6      | Reached skill level 8 in Armour
  5354 | D:6      | Noticed Grinder
  5358 | D:6      | Paralysed by Grinder for 3 turns
  5363 | D:6      | Paralysed by Grinder for 2 turns
  5366 | D:6      | Killed Grinder
  5367 | D:6      | Reached skill level 9 in Armour
  5573 | D:7      | Reached * piety under Okawaru
  5574 | D:7      | Reached skill level 5 in Dodging
  5580 | D:7      | Identified a scroll of acquirement
  5580 | D:7      | Acquired the +3 kite shield of Disappointment {rC+ Will+
                  | Dex+3}
  5645 | D:7      | Killed from afar by an orc priest

Illustrated notes

Levels and vault maps discovered:
D:1:      psy_arrival_spokes, layout_loops_corners,
          dreamdust_ecumenical_altar_grove, minivault_19
D:2:      layout_loops_ring, uniq_crazy_yiuf_cottage
D:3:      layout_rooms, grunt_decor_mini_mirrors
D:4:      gammafunk_wand_slinger, layout_basic, grunt_temple_overflow_open,
          serial_shops, shop_coins, gammafunk_ghost_gnarly_gnolls,
          uniq_blork_the_orc
D:5:      layout_rooms, gammafunk_ghost_abyssal_escape
D:6:      layout_basic, minmay_temple_entry_trees, solitary_fountain,
          uniq_edmund, uniq_grinder
D:7:      layout_rooms, nicolae_dithmenos_through_a_glass_darkly
Temple:   bh_familiar_temple

Skill      XL: |  1  2  3  4  5  6  7  8 |
---------------+-------------------------+-----
Fighting       | 4 6 7 8 |  8.5
Armour         | 4 7 9 |  9.8
Dodging        | 1 4 5 |  5.2
Long Blades    | |  2.4
Shields        | |  3.9

Action                   |  1- 3 |  4- 6 |  7- 9 || total
-------------------------+-------+-------+-------++-------
Melee: Long sword        |    80 |   106 |   109 ||   295
       Headbutt          |    13 |    15 |    29 ||    57
  Use: Scroll            |     2 |     5 |     5 ||    12
Armor: Scale mail        |    48 |    77 |    53 ||   178
Dodge: Dodged            |    45 |    78 |    65 ||   188
Block: Buckler           |    31 |    21 |    31 ||    83
       Kite shield       |       |       |     4 ||     4
